 Dungeon Crawl Stone Soup version 0.24-a0-22-g2a401c0 (webtiles) character file.

Game seed: 4038178864074760554

186 Lanoc the Skirmisher (level 5, -2/43 HPs)
             Began as a Demonspawn Monk on Feb 1, 2019.
             Was a Believer of Makhleb.
             Slain by a worker ant (3 damage)
             ... on level 4 of the Dungeon.
             The game lasted 00:06:00 (3517 turns).

Lanoc the Skirmisher (Demonspawn Monk)              Turns: 3517, Time: 00:06:01

Health: -2/43      AC:  3    Str: 12    XL:     5   Next: 38%
Magic:  5/5        EV: 11    Int: 11    God:    Makhleb [**....]
Gold:   113        SH:  0    Dex: 16    Spells: 4/4 levels left

rFire    + . .     SeeInvis .   a - +1 hand axe
rCold    + . .     Gourm    .   (no shield)
rNeg     . . .     Faith    .   b - +0 robe
rPois    .         Spirit   .   (no helmet)
rElec    .         Reflect  .   i - scarf {rC+ rF+}
rCorr    .         Harm     .   (no gloves)
MR       .....                  (no boots)
Stlth    ++........             (no amulet)
HPRegen  0.14/turn              e - -3 ring of evasion (curse)
MPRegen  0.09/turn              k - ring of flight

@: berserk cooldown
A: hooves 1, rugged brown scales 1, spiny 1
a: Minor Destruction, Renounce Religion, Evoke Flight


You were on level 4 of the Dungeon.
You worshipped Makhleb.
Makhleb was pleased with you.
You were not hungry.

You visited 1 branch of the dungeon, and saw 4 of its levels.

You collected 113 gold pieces.

Inventory:

Hand Weapons
 a - a +1 hand axe (weapon)
Armour
 b - a +0 robe (worn)
 i - a scarf of resistance (worn)
Jewellery
 e - a cursed -3 ring of evasion (left hand)
 k - a ring of flight (right hand)
Wands
 j - a wand of polymorph (7)
Scrolls
 h - a scroll of identify
 n - 3 scrolls of immolation
Potions
 f - a potion of curing
 m - a potion of heal wounds
Comestibles
 c - 5 rations
 g - a chunk of flesh


   Skills:
 + Level 3.9 Fighting
 * Level 3.9 Axes
 + Level 1.9 Armour
 + Level 3.5 Dodging
 - Level 1.7 Stealth


You had 4 spell levels left.
You didn't know any spells.
Your spell library was empty.

Dungeon Overview and Level Annotations

Branches:
Dungeon (4/15)
 Temple: D:4-7

Altars:
Hepliaklqana
Makhleb
Trog
Xom
Zin
The Shining One


Innate Abilities, Weirdness & Mutations

You have large cloven feet.
You are partially covered in rugged brown scales. (AC +1, +3% HP)
You are partially covered in sharp spines.


Message History

Your surroundings suddenly seem different.
Found 18 stones.
Found a stone staircase leading down.
A worker ant comes into view.
The worker ant twitches its antennae in your direction.
The worker ant misses you.
You hit the worker ant.
The worker ant is moderately wounded.
The worker ant bites you! The worker ant bites you.
* * * LOW HITPOINT WARNING * * *
You hit the worker ant.
You kick the worker ant, but do no damage.
The worker ant is heavily wounded.
You feel yourself speed up. The worker ant bites you.
* * * LOW HITPOINT WARNING * * *
The worker ant bites you.
* * * LOW HITPOINT WARNING * * *
The worker ant is struck by your spines.
The worker ant bites you.
You die...

..... .... .
#... ... #.>.
... #... ....
##.#...###.....
......a....#+#
#.#.@##...#
###.......#
.(.......#.#
######...# #
#.... .....#.
#.#...###
#.#.... # #####


You could see a worker ant.

Vanquished Creatures
  An orc wizard (D:2)
  4 adders
  3 gnolls (D:4)
  An ooze (D:3)
  5 worms
  A dart slug (D:2)
  2 leopard geckos (D:1)
  5 orcs
  2 giant cockroaches
  7 goblins
  9 hobgoblins
  5 kobolds
  A quokka (D:3)
  3 ball pythons
  8 bats
  4 frilled lizards
  A leopard gecko skeleton (D:4)
  10 rats
72 creatures vanquished.

Notes
Turn   | Place    | Note
-------+----------+-------------------------------------------
     0 | D:1      | Lanoc the Demonspawn Monk began the quest for the Orb.
     0 | D:1      | Reached XP level 1. HP: 18/18 MP: 1/1
   102 | D:1      | Gained mutation: You have large cloven feet. [demonic
                  | ancestry]
   102 | D:1      | Reached XP level 2. HP: 19/24 MP: 2/2
   326 | D:1      | Reached skill level 1 in Armour
   422 | D:1      | Reached XP level 3. HP: 29/29 MP: 3/3
  1457 | D:2      | Found a hazy altar of Hepliaklqana.
  1458 | D:2      | Found a shimmering altar of Xom.
  1458 | D:2      | Noticed a hell beast
  1459 | D:2      | Noticed a spectral ugly thing
  1459 | D:2      | Noticed a hell beast
  1694 | D:2      | Found a burning altar of Makhleb.
  1696 | D:2      | Found a glowing silver altar of Zin.
  1696 | D:2      | Noticed an angel
  1696 | D:2      | Noticed a green death
  1707 | D:2      | Became a worshipper of Makhleb the Destroyer
  1707 | D:2      | Reached * piety under Makhleb
  1707 | D:2      | Reached ** piety under Makhleb
  1731 | D:2      | Gained mutation: You are partially covered in sharp spines.
                  | [demonic ancestry]
  1731 | D:2      | Reached XP level 4. HP: 35/35 MP: 4/4
  2764 | D:3      | Gained mutation: You are partially covered in rugged brown
                  | scales. (AC +1, +3% HP) [demonic ancestry]
  2764 | D:3      | Reached XP level 5. HP: 37/43 MP: 5/5
  3259 | D:3      | Found a glowing golden altar of the Shining One.
  3260 | D:3      | Found a bloodstained altar of Trog.
  3517 | D:4      | HP: 1/43 [worker ant (3)]
  3517 | D:4      | Slain by a worker ant

Vault maps used:
D:1:      evilmike_arrival_rings, corexii_item_surrounded_by_moat
D:2:      grunt_temple_overflow_order_and_chaos_2,
          regret_index_temple_of_mockery
D:3:      amethyst_overflow_temple_binary, hex_large
D:4:      minmay_evil_eye, portal_sewer_entry_d

Skill      XL: |  1  2 |
---------------+-------+-----
Dodging        | 3 |  3.5
Armour         | 1 |  1.9
Axes           | 3 |  3.9
Fighting       | |  3.9
Stealth        | |  1.7

Action                   |  1- 3 |  4- 6 || total
-------------------------+-------+-------++-------
Melee: Hand axe          |   137 |    82 ||   219
       Kick              |    17 |    32 ||    49
  Use: Scroll            |     2 |     9 ||    11
       Potion            |     2 |     2 ||     4
 Stab: Sleeping          |     4 |     6 ||    10
  Eat: Chunk             |     2 |     6 ||     8
Armor: Robe              |    33 |     4 ||    37
Dodge: Dodged            |   110 |    38 ||   148

Table legend:
 A = Non-vault XP
 B = Vault XP
 C = Vault XP percentage of total XP
 D = Non-vault monster count
 E = Vault monster count
 F = Vault count percentage of total count
                 A         B        C        D         E       F
            +---------+---------+-------+---------+---------+-------
      Total |     267 |       0 |   0.0 |      72 |       0 |   0.0
            +---------+---------+-------+---------+---------+-------
        D:1 |      53 |       0 |   0.0 |      33 |       0 |   0.0
        D:2 |     131 |       0 |   0.0 |      24 |       0 |   0.0
        D:3 |      40 |       0 |   0.0 |      11 |       0 |   0.0
        D:4 |      43 |       0 |   0.0 |       4 |       0 |   0.0
            +---------+---------+-------+---------+---------+-------
